 Dungeon Crawl Stone Soup version 0.30.0-20-g3615ddf2f0 (webtiles) character file.

Game seed: 2534058222395542064

71 qw the Chopper (level 4, 0/28 HPs)
             Began as a Gargoyle Fighter on May 31, 2023.
             Slain by Grinder (2 damage)
             ... while paralysed by Grinder
             ... on level 3 of the Dungeon.
             The game lasted 00:00:46 (1689 turns).

qw the Chopper (Gargoyle Fighter)                   Turns: 1689, Time: 00:00:46

Health: 0/28       AC: 15    Str: 22    XL:     4   Next: 24%
Magic:  4/4        EV:  2    Int:  8    God:
Gold:   105        SH:  0    Dex:  9    Spells: 3/3 levels left

rFire   . . .        Y - +0 war axe
rCold   . . .        c - +0 buckler
rNeg    + . .        h - +0 plate armour
rPois   inf          (no helmet)
rElec   +            (no cloak)
rCorr   .            (no gloves)
SInv    .            (no boots)
Will    .....        (no amulet) Stlth
                     (no ring)
HPRegen 0.24/turn    (no ring)
MPRegen 0.09/turn

%: no passive effects
@: paralysed
A: sickness immunity, AC +3, negative energy resistance 1, electricity
resistance, torment resistance 1, petrification resistance
a: no special abilities


You were on level 3 of the Dungeon.
You visited 1 branch of the dungeon, and saw 3 of its levels.

You collected 105 gold pieces.


Innate Abilities, Weirdness & Mutations

You are immune to sickness and miasma.
Your stone body is resilient. (AC +3)
You are immune to poison.
You resist negative energy. (rN+)
You are resistant to electric shocks. (rElec)
You are resistant to unholy torment.
You are immune to petrification.


   Skills:
 - Level 3.2 Fighting
 + Level 4.0 Axes
 - Level 3.2 Armour
 - Level 3.2 Shields


You had 3 spell levels left.
You didn't know any spells.
Your spell library was empty.

Inventory:

Hand Weapons
 e - a +0 flail
 Y - a +0 war axe (weapon)
Armour
 c - a +0 buckler (worn)
 h - a +0 plate armour (worn)
Potions
 a - a potion of attraction {unknown}
 b - a potion of mutation {unknown}
 d - 2 potions of might
 g - a potion of haste {unknown}
 i - 2 potions of heal wounds
 j - 3 potions of curing

Dungeon Overview and Level Annotations

Branches:
Dungeon (3/15)

Altars:

Shops:
D:2 [

Annotations:
D:3 1 runed translucent door, Grinder; Sigmund; qw's ghost, amateur GrFi


Message History

The orc hits you with a +0 club.
You hit the orc.
The orc is almost dead.
Something hits you but does no damage. The orc hits you but does no damage.
You closely miss the orc.
The orc is almost dead.
The orc hits you but does no damage. You block something's attack.
You barely miss the orc.
The orc is almost dead.
The orc hits you but does no damage. Something hits you.
You block the orc's attack.
You slash the orc!
You kill the orc!
Grinder gestures at you.
You suddenly lose the ability to move!
Something hits you but does no damage. Something hits you.
Grinder hits you but does no damage. Grinder hits you but does no damage.
Something hits you but does no damage.
You can move again.
You barely miss Grinder. Grinder barely misses you. Something hits you.
You hit Grinder.
Grinder is lightly wounded.
Grinder hits you.
You writhe in agony.
Something completely misses you.
Grinder says, "Wait up."
You block Grinder's attack.
You hit Grinder.
Grinder is lightly wounded.
You block Grinder's attack. Something hits you but does no damage.
You barely miss Grinder.
Grinder is lightly wounded.
You block Grinder's attack.
You closely miss Grinder.
Grinder is lightly wounded.
Grinder hits you but does no damage. Something hits you!
Grinder gestures at you.
You suddenly lose the ability to move!
Something hits you but does no damage. Grinder hits you but does no damage.
Grinder hits you.
You writhe in agony.
You die...

#># #.####### #.#
#...<...# #.# ###......
###########.# #.###.#
............# #.# #
######.##########.###.#
..##.................##.#
!........########....##.#
.#######@# ##)....... #5#
#......... {.. #.........
..... #......... ......#
##........ .......#
##....... .(......#
####.... .........# ##...
##.#


You could see Grinder.

Vanquished Creatures
  2 adders (D:2)
  A dart slug (D:3)
  10 orcs (D:3)
  3 endoplasms
  3 giant cockroaches
  2 goblins
  2 hobgoblins (D:2)
  A quokka (D:3)
  2 ball pythons (D:2)
  3 bats
  3 frilled lizards (D:1)
  4 kobolds
  5 rats
41 creatures vanquished.

Notes
Turn   | Place    | Note
-------+----------+-------------------------------------------
     0 | D:1      | qw the Gargoyle Fighter began the quest for the Orb.
     0 | D:1      | Reached XP level 1. HP: 14/14 MP: 1/1
     0 | D:1      | 0 ||| qw: Version: 0.2-a-102-gfc559e5
     0 | D:1      | 0 ||| qw: Game counter: 596
     0 | D:1      | 0 ||| qw: Always use a shield: true
     0 | D:1      | 0 ||| qw: God list: Okawaru
     0 | D:1      | 0 ||| qw: Allow faded altars: false
     0 | D:1      | 0 ||| qw: Do Orc after D:15 true
     0 | D:1      | 0 ||| qw: Do second Lair branch before Depths: true
     0 | D:1      | 0 ||| qw: Lair rune preference: random
     0 | D:1      | 0 ||| qw: Plans: Normal, Zot:1-4, Slime:5, God:TSO, Crypt,
                  | Tomb, Pan, Hells, Abyss, Win
     0 | D:1      | 0 ||| PLANNING D:1-11
    74 | D:1      | Reached skill level 2 in Axes
   255 | D:1      | Reached XP level 2. HP: 19/19 MP: 2/2
   583 | D:1      | 583 ||| UPGRADING to +0 chain mail.
   593 | D:1      | 593 ||| DROPPING +0 scale mail.
   594 | D:1      | 594 ||| UPGRADING to +0 plate armour.
   604 | D:1      | 604 ||| DROPPING +0 chain mail.
   605 | D:1      | 605 ||| READING scroll labelled SOQUARPHETIO.
   606 | D:1      | 606 ||| DRINKING 2 cyan potions.
   630 | D:2      | 630 ||| STAIRDANCE
   798 | D:2      | Noticed an animated pearl dragon scales
   799 | D:2      | Found Gerph's Armour Shop.
   799 | D:2      | Noticed an animated storm dragon scales
   803 | D:2      | 803 ||| DRINKING 4 blue potions.
   810 | D:2      | Reached skill level 3 in Axes
   810 | D:2      | Reached XP level 3. HP: 23/23 MP: 3/3
   813 | D:2      | 813 ||| SHOPLISTING +0 pair of boots of Incorporation
                  | {-Cast rF+ Dex+2 SInv} (258 gold, have 40).
   813 | D:2      | 813 ||| SHOPLISTING +0 pair of gloves (58 gold, have 40).
   813 | D:2      | 813 ||| SHOPLISTING +0 ring mail of Insatiable Hunger {rF+
                  | rC+ SInv} (379 gold, have 40).
   813 | D:2      | 813 ||| SHOPLISTING +8 chain mail of the Endless Expanse
                  | {rF+ Str+7 Stlth-} (933 gold, have 40).
   813 | D:2      | 813 ||| SHOPLISTING -1 pair of boots "Qital" {rC+ Dex+4}
                  | (284 gold, have 40).
  1275 | D:2      | 1275 ||| READING scroll labelled OLYFREBETI.
  1278 | D:2      | 1278 ||| READING scroll labelled UMISUVV QATHROZ.
  1432 | D:3      | 1432 ||| Stepping ~*~*~tactically~*~*~ (hiding).
  1544 | D:3      | Found a runed translucent door.
  1548 | D:3      | Noticed qw's ghost (amateur GrFi)
  1566 | D:3      | 1566 ||| Stepping ~*~*~tactically~*~*~ (stealth).
  1578 | D:3      | Reached XP level 4. HP: 26/28 MP: 4/4
  1611 | D:3      | 1611 ||| DROPPING +0 club.
  1652 | D:3      | Noticed Sigmund
  1653 | D:3      | 1653 ||| Stepping ~*~*~tactically~*~*~ (stealth).
  1655 | D:3      | 1655 ||| Stepping ~*~*~tactically~*~*~ (hiding).
  1665 | D:3      | Noticed Grinder
  1671 | D:3      | HP: 5/28 [orc/+0 flail (8)]
  1672 | D:3      | 1672 ||| DRINKING 3 potions of heal wounds.
  1675 | D:3      | Reached skill level 4 in Axes
  1679 | D:3      | Paralysed by Grinder for 4 turns
  1687 | D:3      | HP: 3/28 [something (8)]
  1687 | D:3      | Paralysed by Grinder for 4 turns
  1689 | D:3      | Slain by Grinder

Levels and vault maps discovered:
D:1:      sevenhm_arrival_forest_fort_small_3, layout_basic
D:2:      layout_loops_ring, serial_shops, nicolae_shop_mannequins
D:3:      layout_loops_ring, hellmonk_ghost_happy_afterlife, uniq_sigmund,
          uniq_robin, uniq_grinder, uniq_crazy_yiuf_cottage

Skill      XL: |  1  2  3  4 |
---------------+-------------+-----
Axes           | 2 3 4 |  4.0
Fighting       | |  3.2
Armour         | |  3.2
Shields        | |  3.2

Action                     |  1- 3 |  4- 6 || total
---------------------------+-------+-------++-------
  Melee: War axe           |    94 |    26 ||   120
    Use: Potion            |     2 |     1 ||     3
         Scroll            |     3 |       ||     3
 Armour: Scale mail        |    16 |       ||    16
         Plate armour      |    27 |    26 ||    53
  Dodge: Dodged            |    38 |    10 ||    48
  Block: Buckler           |    19 |     8 ||    27

Table legend:
 A = Non-vault XP
 B = Vault XP
 C = Vault XP percentage of total XP
 D = Non-vault monster count
 E = Vault monster count
 F = Vault count percentage of total count
                 A         B        C        D         E       F
            +---------+---------+-------+---------+---------+-------
      Total |     102 |       0 |   0.0 |      41 |       0 |   0.0
            +---------+---------+-------+---------+---------+-------
        D:1 |      19 |       0 |   0.0 |      14 |       0 |   0.0
        D:2 |      44 |       0 |   0.0 |      13 |       0 |   0.0
        D:3 |      39 |       0 |   0.0 |      14 |       0 |   0.0
            +---------+---------+-------+---------+---------+-------
